[ AOE2 MATCH · #481156677 ]
UnrankedMongols vs Persians
[ REPLAY ANALYSIS · EXTRACTED FROM THE RECORDED GAME ]
Feudal
8:01
Castle
24:46
Imperial
34:21
| APM avg | 54.6 |
| APM peak | 96 |
| eAPM avg | 26.1 |
| Villagers / military | 130 / 466 |
Focus
⚔️ 54.9% · 🌾 45.1%
Mangudai ×260 · Scout Cavalry ×162 · Trade Cart ×35 · Mangonel ×19 · Battering Ram ×17 · Trebuchet (Packed) ×5
Feudal
8:59
Castle
19:33
Imperial
36:38
| APM avg | 60.9 |
| APM peak | 104 |
| eAPM avg | 44.3 |
| Villagers / military | 206 / 363 |
Focus
⚔️ 60.0% · 🌾 40.0%
Knight ×318 · Trade Cart ×65 · Camel Scout ×29 · Scout Cavalry ×9 · Bombard Cannon ×6 · Spearman ×1
Feudal
10:31
Castle
14:52
Imperial
33:57
| APM avg | 72.1 |
| APM peak | 111 |
| eAPM avg | 36.6 |
| Villagers / military | 159 / 279 |
Focus
⚔️ 51.8% · 🌾 48.2%
Bolas Rider ×232 · Trade Cart ×55 · Kona ×36 · Trebuchet (Packed) ×6 · Battering Ram ×3 · Monk ×1
Feudal
11:36
Castle
14:55
Imperial
32:09
| APM avg | 50.9 |
| APM peak | 82 |
| eAPM avg | 30.5 |
| Villagers / military | 157 / 375 |
Focus
⚔️ 44.5% · 🌾 55.5%
Camel Scout ×196 · War Elephant ×154 · Trade Cart ×45 · Knight ×8 · Scorpion ×6 · Petard ×4
Feudal
8:08
Castle
33:27
Imperial
42:41
| APM avg | 41.6 |
| APM peak | 104 |
| eAPM avg | 22.4 |
| Villagers / military | 224 / 117 |
Focus
⚔️ 37.0% · 🌾 63.0%
Mangonel ×77 · Trade Cart ×32 · Battering Ram ×29 · Scout Cavalry ×7 · Trebuchet (Packed) ×2 · Monk ×1
Feudal
8:34
Castle
19:56
Imperial
34:23
| APM avg | 63.4 |
| APM peak | 110 |
| eAPM avg | 26.7 |
| Villagers / military | 146 / 265 |
Focus
⚔️ 39.7% · 🌾 60.3%
Scorpion ×167 · Scout Cavalry ×45 · Trade Cart ×25 · Trebuchet (Packed) ×24 · Monk ×11 · Battle Elephant ×11
Feudal
10:58
Castle
15:18
Imperial
31:28
| APM avg | 51.0 |
| APM peak | 95 |
| eAPM avg | 30.1 |
| Villagers / military | 222 / 332 |
Focus
⚔️ 34.9% · 🌾 65.1%
Mameluke ×306 · Trade Cart ×111 · Trebuchet (Packed) ×19 · Battering Ram ×4 · Bombard Cannon ×2 · Monk ×1
Feudal
10:57
Castle
14:58
Imperial
43:43
| APM avg | 52.2 |
| APM peak | 104 |
| eAPM avg | 32.5 |
| Villagers / military | 393 / 105 |
Focus
⚔️ 26.4% · 🌾 73.6%
Trade Cart ×68 · Knight ×44 · Bombard Cannon ×27 · Conquistador ×20 · Mangonel ×7 · Battering Ram ×4
Match map
Initial resources + every placement click. Lines = walls · curves = elevation contours. ◆ gold · ⬟ stone · ● berries · ✦ relic · ◌ wall gap
Your base· Open — unwalled flank
[R1] PoXoLo's base· Open — unwalled flank
Oni.TaToH's base· Open — unwalled flank
[LuB]夢夢's base· Open — unwalled flank
c3mbrich!'s base· ✓ Closed at 33:27 · 49t walls · 4 gate(s)
农夫三拳's base· Open — unwalled flank
[R1] Pume's base· Open — unwalled flank
_LY_lyx's base· Open — unwalled flank
Smoothed initial terrain · ◌ = detected wall gap · hover for details
Inputs per minute
— 合川狗大高手 - - [R1] PoXoLo
Build order — 合川狗大高手
First 150 of 847 actions detected
| 0:01 | Create | Villager (Male) |
| 0:01 | Create | Villager (Male) |
| 0:02 | Build | House |
| 0:03 | Build | House |
| 0:08 | Create | Villager (Male) |
| 0:08 | Create | Villager (Male) |
| 1:14 | Create | Villager (Male) |
| 2:04 | Create | Villager (Male) |
| 2:22 | Create | Villager (Male) |
| 2:34 | Build | Lumber Camp |
| 2:35 | Create | Villager (Male) |
| 3:11 | Create | Villager (Male) |
| 3:11 | Create | Villager (Male) |
| 3:11 | Create | Villager (Male) |
| 3:37 | Create | Villager (Male) |
| 3:37 | Create | Villager (Male) |
| 3:49 | Build | House |
| 4:19 | Create | Villager (Male) |
| 4:41 | Create | Villager (Male) |
| 5:01 | Build | Mill |
| 5:44 | Research | Feudal Age |
| 6:54 | Build | Barracks |
| 7:07 | Build | House |
| 7:23 | Create | Villager (Male) |
| 8:01 | Age | Feudal Age |
| 8:02 | Build | Stable |
| 8:09 | Research | Double-Bit Axe |
| 8:13 | Create | Villager (Male) |
| 8:13 | Research | Loom |
| 8:42 | Research | Horse Collar |
| 8:45 | Create | Scout Cavalry |
| 8:45 | Create | Villager (Male) |
| 8:47 | Build | House |
| 9:11 | Build | Farm |
| 9:14 | Create | Villager (Male) |
| 9:38 | Create | Villager (Male) |
| 9:40 | Build | Farm |
| 9:41 | Build | House |
| 9:47 | Create | Scout Cavalry |
| 10:06 | Build | Farm |
| 10:07 | Create | Villager (Male) |
| 10:20 | Build | Farm |
| 10:27 | Build | Farm |
| 10:30 | Create | Scout Cavalry |
| 10:36 | Create | Villager (Male) |
| 10:54 | Build | Farm |
| 11:02 | Create | Scout Cavalry |
| 11:08 | Create | Villager (Male) |
| 11:20 | Create | Villager (Male) |
| 11:35 | Build | Farm |
| 11:37 | Build | Farm |
| 11:41 | Create | Villager (Male) |
| 11:44 | Create | Scout Cavalry |
| 11:59 | Build | Farm |
| 12:02 | Build | House |
| 12:09 | Create | Scout Cavalry |
| 12:13 | Build | Farm |
| 12:23 | Create | Scout Cavalry |
| 12:31 | Build | Farm |
| 12:32 | Create | Villager (Male) |
| 12:33 | Build | House |
| 12:57 | Build | Mining Camp |
| 13:05 | Create | Villager (Male) |
| 13:06 | Create | Scout Cavalry |
| 13:23 | Build | House |
| 13:27 | Research | Wheelbarrow |
| 13:41 | Create | Scout Cavalry |
| 13:59 | Build | House |
| 14:18 | Create | Scout Cavalry |
| 14:19 | Create | Villager (Male) |
| 14:41 | Build | Blacksmith |
| 14:42 | Create | Scout Cavalry |
| 14:55 | Create | Spearman |
| 15:16 | Research | Town Watch |
| 15:21 | Create | Scout Cavalry |
| 15:29 | Research | Forging |
| 15:29 | Create | Villager (Male) |
| 15:35 | Build | Farm |
| 15:36 | Build | Farm |
| 15:45 | Create | Scout Cavalry |
| 15:50 | Build | House |
| 15:57 | Create | Villager (Male) |
| 16:03 | Create | Spearman |
| 16:15 | Create | Scout Cavalry |
| 16:20 | Create | Villager (Male) |
| 16:31 | Build | Farm |
| 16:33 | Build | Farm |
| 16:52 | Build | Farm |
| 16:52 | Create | Villager (Male) |
| 16:59 | Create | Scout Cavalry |
| 17:13 | Create | Scout Cavalry |
| 17:30 | Build | Market |
| 17:31 | Create | Villager (Male) |
| 17:33 | Build | Farm |
| 17:48 | Research | Bloodlines |
| 17:50 | Create | Villager (Male) |
| 17:55 | Build | Stable |
| 18:04 | Create | Villager (Male) |
| 18:19 | Build | Lumber Camp |
| 18:32 | Research | Scale Barding Armor |
| 18:50 | Create | Villager (Male) |
| 18:58 | Create | Scout Cavalry |
| 18:58 | Create | Scout Cavalry |
| 19:01 | Build | Farm |
| 19:02 | Create | Villager (Male) |
| 19:30 | Create | Scout Cavalry |
| 19:31 | Create | Scout Cavalry |
| 19:33 | Build | House |
| 19:33 | Create | Villager (Male) |
| 19:35 | Build | Farm |
| 19:37 | Build | Farm |
| 19:54 | Build | Farm |
| 19:55 | Build | Farm |
| 19:56 | Build | Farm |
| 20:01 | Build | Stone Wall |
| 20:14 | Create | Villager (Male) |
| 20:14 | Create | Villager (Male) |
| 20:17 | Build | Farm |
| 20:20 | Build | House |
| 20:36 | Create | Scout Cavalry |
| 20:47 | Create | Villager (Male) |
| 20:50 | Build | Market |
| 20:58 | Build | Stone Wall |
| 21:26 | Create | Villager (Male) |
| 21:33 | Build | Farm |
| 21:51 | Build | Lumber Camp |
| 21:54 | Build | Mining Camp |
| 22:06 | Research | Castle Age |
| 23:01 | Build | Gate |
| 23:14 | Research | Gold Mining |
| 23:24 | Build | Stone Wall |
| 23:30 | Research | Stone Mining |
| 23:41 | Create | Villager (Male) |
| 24:15 | Build | Outpost |
| 24:46 | Age | Castle Age |
| 24:54 | Build | Town Center |
| 24:57 | Research | Bow Saw |
| 25:08 | Create | Villager (Male) |
| 25:16 | Create | Villager (Male) |
| 25:30 | Build | Town Center |
| 25:32 | Create | Villager (Male) |
| 25:50 | Research | Light Cavalry (upgrade) |
| 25:52 | Research | Husbandry |
| 26:06 | Research | Heavy Plow |
| 26:09 | Create | Villager (Male) |
| 26:09 | Create | Villager (Male) |
| 26:10 | Create | Villager (Male) |
| 26:10 | Create | Villager (Male) |
| 26:35 | Create | Villager (Male) |
| 26:36 | Create | Villager (Male) |
Build order — [R1] PoXoLo
First 150 of 883 actions detected
| 0:00 | Create | Villager (Male) |
| 0:02 | Build | House |
| 0:03 | Build | House |
| 0:14 | Create | Villager (Male) |
| 0:19 | Create | Villager (Male) |
| 0:40 | Create | Villager (Male) |
| 0:47 | Create | Villager (Male) |
| 1:26 | Create | Villager (Male) |
| 1:44 | Build | Lumber Camp |
| 1:59 | Create | Villager (Male) |
| 2:21 | Create | Villager (Male) |
| 2:56 | Create | Villager (Male) |
| 3:05 | Create | Villager (Male) |
| 3:34 | Create | Villager (Male) |
| 3:40 | Build | House |
| 3:41 | Build | House |
| 3:42 | Build | House |
| 3:55 | Create | Villager (Male) |
| 4:11 | Create | Villager (Male) |
| 4:11 | Create | Villager (Male) |
| 5:06 | Create | Villager (Male) |
| 5:07 | Create | Villager (Male) |
| 5:21 | Create | Villager (Male) |
| 5:25 | Build | Mill |
| 6:27 | Research | Loom |
| 6:56 | Research | Feudal Age |
| 6:56 | Research | Feudal Age |
| 7:19 | Build | Barracks |
| 7:30 | Create | Villager (Male) |
| 7:30 | Create | Villager (Male) |
| 8:19 | Build | House |
| 8:20 | Build | Palisade Wall |
| 8:59 | Age | Feudal Age |
| 9:00 | Build | Stable |
| 9:03 | Research | Double-Bit Axe |
| 9:11 | Research | Horse Collar |
| 9:13 | Create | Villager (Male) |
| 9:33 | Create | Villager (Male) |
| 9:35 | Build | Farm |
| 9:40 | Create | Scout Cavalry |
| 9:40 | Create | Scout Cavalry |
| 9:42 | Create | Villager (Male) |
| 9:44 | Build | House |
| 9:50 | Build | House |
| 9:50 | Create | Spearman |
| 10:02 | Build | Farm |
| 10:12 | Create | Villager (Male) |
| 10:13 | Build | Farm |
| 10:26 | Create | Villager (Male) |
| 10:28 | Build | Farm |
| 10:39 | Create | Scout Cavalry |
| 10:49 | Create | Villager (Male) |
| 10:50 | Build | Farm |
| 11:02 | Create | Villager (Male) |
| 11:14 | Build | House |
| 11:16 | Build | House |
| 11:22 | Create | Scout Cavalry |
| 11:37 | Create | Villager (Male) |
| 11:38 | Build | Farm |
| 11:39 | Build | Farm |
| 11:49 | Build | House |
| 11:54 | Build | House |
| 11:56 | Build | House |
| 12:04 | Create | Scout Cavalry |
| 12:10 | Create | Villager (Male) |
| 12:13 | Build | Farm |
| 12:35 | Create | Scout Cavalry |
| 12:36 | Create | Villager (Male) |
| 12:44 | Create | Villager (Male) |
| 12:52 | Build | Gate |
| 12:57 | Build | Gate |
| 13:00 | Build | Stone Wall |
| 13:05 | Create | Scout Cavalry |
| 13:05 | Create | Villager (Male) |
| 13:22 | Build | Farm |
| 13:35 | Create | Villager (Male) |
| 13:45 | Build | Farm |
| 13:47 | Build | Farm |
| 13:49 | Build | Farm |
| 13:51 | Build | Mining Camp |
| 14:00 | Build | Farm |
| 14:04 | Research | Wheelbarrow |
| 14:35 | Create | Villager (Male) |
| 14:36 | Build | Farm |
| 14:40 | Build | Farm |
| 14:41 | Build | Farm |
| 15:23 | Create | Villager (Male) |
| 15:47 | Build | Watch Tower |
| 15:49 | Build | Farm |
| 16:07 | Create | Villager (Male) |
| 16:27 | Build | Farm |
| 16:41 | Create | Villager (Male) |
| 16:42 | Build | Blacksmith |
| 17:07 | Research | Castle Age |
| 17:12 | Build | Stable |
| 17:42 | Research | Bloodlines |
| 17:45 | Research | Scale Barding Armor |
| 17:51 | Create | Villager (Male) |
| 17:51 | Create | Villager (Male) |
| 18:12 | Build | Lumber Camp |
| 18:15 | Research | Gold Mining |
| 18:21 | Create | Villager (Male) |
| 18:52 | Build | Watch Tower |
| 19:08 | Create | Villager (Male) |
| 19:10 | Build | House |
| 19:12 | Build | House |
| 19:16 | Build | Palisade Wall |
| 19:33 | Age | Castle Age |
| 19:34 | Create | Camel Scout |
| 19:34 | Create | Camel Scout |
| 19:36 | Research | Husbandry |
| 19:39 | Create | Villager (Male) |
| 19:39 | Build | Market |
| 19:41 | Create | Villager (Male) |
| 19:45 | Create | Camel Scout |
| 19:47 | Create | Villager (Male) |
| 19:59 | Create | Camel Scout |
| 19:59 | Create | Camel Scout |
| 20:13 | Create | Villager (Male) |
| 20:13 | Create | Villager (Male) |
| 20:28 | Create | Camel Scout |
| 20:28 | Create | Camel Scout |
| 20:33 | Create | Villager (Male) |
| 20:50 | Create | Villager (Male) |
| 20:56 | Create | Camel Scout |
| 20:56 | Create | Camel Scout |
| 21:04 | Create | Camel Scout |
| 21:04 | Create | Camel Scout |
| 21:08 | Create | Villager (Male) |
| 21:29 | Create | Villager (Male) |
| 21:30 | Create | Villager (Male) |
| 21:59 | Create | Villager (Male) |
| 22:28 | Build | Town Center |
| 22:29 | Create | Villager (Male) |
| 22:30 | Build | Farm |
| 22:33 | Create | Camel Scout |
| 22:33 | Create | Camel Scout |
| 22:37 | Build | House |
| 22:45 | Create | Villager (Male) |
| 22:54 | Create | Camel Scout |
| 22:54 | Create | Camel Scout |
| 23:29 | Create | Villager (Male) |
| 23:30 | Create | Villager (Male) |
| 23:32 | Build | Farm |
| 23:33 | Build | Farm |
| 23:36 | Build | Farm |
| 23:46 | Create | Villager (Male) |
| 24:06 | Create | Camel Scout |
| 24:08 | Create | Camel Scout |
| 24:08 | Create | Camel Scout |
Build order — Oni.TaToH
First 150 of 701 actions detected
| 0:01 | Create | Villager (Male) ×4 |
| 0:01 | Create | Villager (Male) ×4 |
| 0:02 | Build | House |
| 0:03 | Build | House |
| 1:24 | Create | Villager (Male) |
| 1:47 | Create | Villager (Male) |
| 1:48 | Create | Villager (Male) |
| 1:56 | Build | Settlement |
| 2:16 | Create | Villager (Male) |
| 2:44 | Create | Villager (Male) |
| 2:44 | Create | Villager (Male) |
| 3:02 | Create | Villager (Male) |
| 3:39 | Create | Villager (Male) |
| 3:55 | Create | Villager (Male) |
| 3:56 | Create | Villager (Male) |
| 4:21 | Create | Villager (Male) |
| 4:21 | Create | Villager (Male) |
| 4:39 | Build | Settlement |
| 4:47 | Create | Villager (Male) |
| 5:05 | Create | Villager (Male) |
| 5:25 | Create | Villager (Male) |
| 5:37 | Create | Villager (Male) |
| 6:15 | Build | Farm |
| 6:20 | Create | Villager (Male) |
| 6:41 | Create | Villager (Male) |
| 6:56 | Create | Villager (Male) |
| 7:26 | Research | Loom |
| 7:31 | Build | Palisade Wall |
| 7:36 | Build | Settlement |
| 8:06 | Research | Feudal Age |
| 8:20 | Build | Palisade Wall |
| 8:21 | Build | Palisade Wall |
| 8:22 | Build | Palisade Wall |
| 8:39 | Build | Palisade Wall |
| 8:39 | Build | Palisade Wall |
| 9:15 | Create | Villager (Male) |
| 9:48 | Build | Palisade Wall |
| 9:49 | Build | Palisade Wall |
| 10:08 | Build | Palisade Wall |
| 10:09 | Build | Palisade Wall |
| 10:09 | Build | Palisade Wall |
| 10:12 | Build | Palisade Wall |
| 10:15 | Build | Palisade Wall |
| 10:15 | Build | Palisade Wall |
| 10:16 | Build | Palisade Wall |
| 10:16 | Build | Palisade Wall |
| 10:22 | Create | Villager (Male) |
| 10:31 | Age | Feudal Age |
| 10:33 | Build | Market |
| 11:08 | Create | Villager (Male) |
| 11:14 | Build | Palisade Wall |
| 11:15 | Build | Palisade Wall |
| 11:15 | Build | Palisade Wall |
| 11:16 | Build | Palisade Wall |
| 11:16 | Build | Palisade Wall |
| 11:17 | Build | Palisade Wall |
| 11:17 | Build | Palisade Wall |
| 11:21 | Build | Palisade Wall |
| 11:22 | Build | Palisade Wall |
| 11:26 | Build | Blacksmith |
| 11:31 | Create | Villager (Male) |
| 12:07 | Research | Double-Bit Axe |
| 12:12 | Research | Castle Age |
| 12:32 | Research | Horse Collar |
| 12:36 | Build | Farm |
| 12:45 | Build | Palisade Wall |
| 13:55 | Build | Outpost |
| 14:52 | Age | Castle Age |
| 14:56 | Create | Villager (Male) |
| 15:00 | Build | Town Center |
| 15:04 | Research | Bow Saw |
| 15:05 | Create | Villager (Male) |
| 15:27 | Build | Town Center |
| 15:30 | Create | Villager (Male) |
| 15:51 | Build | Palisade Wall |
| 15:52 | Build | Palisade Wall |
| 15:55 | Build | Palisade Wall |
| 15:58 | Create | Villager (Male) |
| 16:00 | Build | Barracks |
| 16:13 | Build | House |
| 16:15 | Research | Wheelbarrow |
| 16:43 | Create | Villager (Male) |
| 16:49 | Create | Villager (Male) |
| 17:00 | Build | Archery Range |
| 17:03 | Create | Villager (Male) |
| 17:09 | Create | Villager (Male) |
| 17:14 | Build | Archery Range |
| 17:27 | Build | Farm |
| 17:32 | Create | Villager (Male) |
| 17:39 | Research | Fletching |
| 17:40 | Create | Villager (Male) |
| 17:44 | Create | Bolas Rider |
| 17:54 | Create | Bolas Rider |
| 17:54 | Create | Bolas Rider |
| 17:56 | Create | Villager (Male) |
| 17:56 | Create | Villager (Male) |
| 17:58 | Build | Farm |
| 18:01 | Build | Farm |
| 18:08 | Build | Farm |
| 18:12 | Create | Bolas Rider |
| 18:12 | Create | Bolas Rider |
| 18:22 | Build | Farm |
| 18:27 | Build | House |
| 18:28 | Create | Bolas Rider |
| 18:40 | Build | Farm |
| 18:44 | Build | Farm |
| 18:47 | Build | Farm |
| 18:52 | Create | Bolas Rider |
| 18:55 | Create | Villager (Male) |
| 18:56 | Create | Villager (Male) |
| 19:02 | Create | Villager (Male) |
| 19:02 | Create | Villager (Male) |
| 19:06 | Create | Bolas Rider |
| 19:09 | Build | Farm |
| 19:24 | Build | Farm |
| 19:24 | Build | Farm |
| 19:26 | Build | Farm |
| 19:30 | Create | Bolas Rider |
| 19:31 | Create | Villager (Male) |
| 19:31 | Create | Villager (Male) |
| 19:45 | Create | Villager (Male) |
| 19:48 | Create | Bolas Rider |
| 19:57 | Create | Villager (Male) |
| 20:03 | Create | Bolas Rider |
| 20:12 | Create | Villager (Male) |
| 20:13 | Build | House |
| 20:14 | Build | House |
| 20:16 | Create | Villager (Male) |
| 20:20 | Build | University |
| 20:42 | Create | Villager (Male) |
| 20:46 | Create | Bolas Rider |
| 20:52 | Create | Villager (Male) |
| 20:53 | Create | Villager (Male) |
| 20:54 | Build | Farm |
| 20:54 | Build | Farm |
| 21:08 | Build | House |
| 21:09 | Build | Farm |
| 21:24 | Create | Villager (Male) |
| 21:44 | Research | Ballistics |
| 21:44 | Research | Ballistics |
| 21:48 | Research | Bodkin Arrow |
| 21:48 | Research | Bodkin Arrow |
| 21:49 | Create | Villager (Male) |
| 22:04 | Create | Bolas Rider |
| 22:39 | Create | Villager (Male) |
| 22:39 | Create | Villager (Male) |
| 22:39 | Create | Villager (Male) |
| 22:39 | Create | Villager (Male) |
| 22:41 | Create | Villager (Male) |
| 22:43 | Create | Villager (Male) |
Build order — [LuB]夢夢
First 150 of 875 actions detected
| 0:01 | Create | Villager (Male) |
| 0:02 | Create | Villager (Male) |
| 0:03 | Build | House |
| 0:04 | Build | House |
| 0:04 | Create | Villager (Male) |
| 0:09 | Create | Villager (Male) |
| 0:09 | Create | Villager (Male) |
| 1:21 | Create | Villager (Male) |
| 1:21 | Create | Villager (Male) |
| 1:48 | Create | Villager (Male) |
| 1:48 | Create | Villager (Male) |
| 2:05 | Build | Lumber Camp |
| 2:22 | Create | Villager (Male) |
| 2:50 | Create | Villager (Male) |
| 3:23 | Create | Villager (Male) |
| 3:25 | Create | Villager (Male) |
| 3:42 | Build | House |
| 3:46 | Create | Villager (Male) |
| 4:13 | Build | House |
| 4:30 | Create | Villager (Male) |
| 4:45 | Build | Mill |
| 4:58 | Create | Villager (Male) |
| 5:04 | Create | Villager (Male) |
| 5:16 | Create | Villager (Male) |
| 5:45 | Create | Villager (Male) |
| 6:28 | Create | Villager (Male) |
| 6:45 | Build | Farm |
| 6:50 | Build | Farm |
| 6:53 | Build | Farm |
| 7:01 | Create | Villager (Male) |
| 7:18 | Create | Villager (Male) |
| 7:35 | Build | House |
| 7:51 | Create | Villager (Male) |
| 7:55 | Create | Villager (Male) |
| 8:15 | Create | Villager (Male) |
| 8:15 | Research | Loom |
| 8:29 | Build | Mining Camp |
| 8:52 | Research | Feudal Age |
| 9:42 | Create | Villager (Male) |
| 9:45 | Build | Barracks |
| 10:51 | Create | Villager (Male) |
| 11:36 | Age | Feudal Age |
| 11:39 | Build | Stable |
| 11:41 | Build | Blacksmith |
| 12:08 | Research | Double-Bit Axe |
| 12:08 | Research | Double-Bit Axe |
| 12:24 | Create | Spearman |
| 12:29 | Research | Castle Age |
| 12:59 | Create | Villager (Male) |
| 13:07 | Build | House |
| 13:08 | Build | House |
| 13:19 | Build | Farm |
| 13:21 | Build | Farm |
| 13:21 | Build | Farm |
| 13:21 | Build | Farm |
| 13:25 | Build | Farm |
| 13:27 | Create | Villager (Male) |
| 13:43 | Create | Spearman |
| 13:55 | Build | Stone Wall |
| 14:06 | Build | Stone Wall |
| 14:25 | Create | Villager (Male) |
| 14:31 | Research | Horse Collar |
| 14:55 | Age | Castle Age |
| 14:56 | Create | Camel Scout |
| 14:57 | Create | Camel Scout |
| 14:58 | Create | Villager (Male) |
| 15:14 | Research | Scale Barding Armor |
| 15:23 | Research | Bow Saw |
| 15:24 | Research | Bow Saw |
| 15:24 | Create | Villager (Male) |
| 15:36 | Build | Town Center |
| 15:50 | Create | Camel Scout |
| 15:52 | Create | Villager (Male) |
| 15:57 | Create | Villager (Male) |
| 15:59 | Build | Farm |
| 15:59 | Build | Farm |
| 16:00 | Build | Farm |
| 16:06 | Create | Villager (Male) |
| 16:22 | Build | House |
| 16:31 | Create | Camel Scout |
| 16:35 | Create | Camel Scout |
| 16:37 | Create | Villager (Male) |
| 16:39 | Build | Farm |
| 16:41 | Build | Farm |
| 16:46 | Create | Villager (Male) |
| 16:58 | Build | House |
| 16:59 | Build | House |
| 17:00 | Build | House |
| 17:12 | Build | Farm |
| 17:14 | Build | Farm |
| 17:16 | Create | Villager (Male) |
| 17:22 | Create | Camel Scout |
| 17:27 | Build | Farm |
| 17:44 | Create | Camel Scout |
| 17:55 | Create | Villager (Male) |
| 17:55 | Create | Villager (Male) |
| 18:23 | Create | Villager (Male) |
| 18:26 | Create | Villager (Male) |
| 18:27 | Create | Villager (Male) |
| 18:29 | Build | Farm |
| 18:34 | Build | Farm |
| 18:38 | Build | Farm |
| 18:38 | Build | Farm |
| 18:38 | Build | Farm |
| 18:46 | Create | Villager (Male) |
| 18:51 | Build | Town Center |
| 18:59 | Create | Villager (Male) |
| 19:25 | Create | Villager (Male) |
| 19:27 | Build | House |
| 19:27 | Create | Villager (Male) |
| 19:37 | Create | Villager (Male) |
| 19:40 | Create | Villager (Male) |
| 19:54 | Build | Stone Wall |
| 19:57 | Create | Villager (Male) |
| 20:00 | Build | Farm |
| 20:01 | Create | Villager (Male) |
| 20:02 | Build | Market |
| 20:04 | Create | Villager (Male) |
| 20:13 | Create | Villager (Male) |
| 20:17 | Build | Farm |
| 20:17 | Build | Farm |
| 20:18 | Build | Farm |
| 20:18 | Build | Farm |
| 20:18 | Build | Farm |
| 20:19 | Build | Farm |
| 20:22 | Create | Villager (Male) |
| 20:36 | Build | House |
| 20:43 | Build | House |
| 20:44 | Build | House |
| 20:44 | Create | Villager (Male) |
| 20:46 | Create | Villager (Male) |
| 20:47 | Build | Farm |
| 20:50 | Build | Farm |
| 20:51 | Build | Farm |
| 20:55 | Create | Villager (Male) |
| 21:02 | Create | Villager (Male) |
| 21:08 | Create | Villager (Male) |
| 21:13 | Build | Farm |
| 21:13 | Build | Farm |
| 21:20 | Create | Villager (Male) |
| 21:24 | Create | Villager (Male) |
| 21:31 | Build | Farm |
| 21:32 | Create | Villager (Male) |
| 21:42 | Build | Stone Wall |
| 21:43 | Build | Stone Wall |
| 21:50 | Create | Villager (Male) |
| 21:51 | Create | Villager (Male) |
| 21:53 | Build | Farm |
| 21:53 | Build | Farm |
| 21:54 | Build | Farm |
Build order — c3mbrich!
First 150 of 508 actions detected
| 0:01 | Create | Villager (Male) |
| 0:01 | Create | Villager (Male) |
| 0:02 | Build | House |
| 0:05 | Build | House |
| 0:19 | Create | Villager (Male) |
| 0:19 | Create | Villager (Male) |
| 1:33 | Create | Villager (Male) |
| 1:44 | Build | Lumber Camp |
| 1:53 | Create | Villager (Male) |
| 2:24 | Create | Villager (Male) |
| 3:01 | Create | Villager (Male) |
| 3:02 | Create | Villager (Male) |
| 3:53 | Create | Villager (Male) |
| 4:10 | Create | Villager (Male) |
| 4:14 | Create | Villager (Male) |
| 4:16 | Build | House |
| 4:26 | Create | Villager (Male) |
| 4:39 | Create | Villager (Male) |
| 4:58 | Create | Villager (Male) |
| 5:13 | Create | Villager (Male) |
| 5:20 | Build | Mill |
| 5:46 | Research | Loom |
| 5:46 | Research | Loom |
| 5:57 | Research | Feudal Age |
| 6:38 | Research | Loom |
| 6:45 | Build | House |
| 7:25 | Build | Barracks |
| 8:08 | Age | Feudal Age |
| 8:17 | Build | Stable |
| 8:21 | Create | Villager (Male) |
| 8:30 | Create | Villager (Male) |
| 8:32 | Research | Double-Bit Axe |
| 8:33 | Create | Villager (Male) |
| 8:58 | Create | Villager (Male) |
| 8:59 | Create | Scout Cavalry |
| 8:59 | Create | Scout Cavalry |
| 9:06 | Build | House |
| 9:31 | Create | Scout Cavalry |
| 9:39 | Create | Spearman |
| 9:45 | Build | Farm |
| 9:46 | Build | Farm |
| 9:46 | Build | Farm |
| 9:52 | Build | House |
| 10:05 | Create | Villager (Male) |
| 10:07 | Build | Farm |
| 10:26 | Create | Scout Cavalry |
| 10:33 | Build | Palisade Gate |
| 10:36 | Build | House |
| 10:46 | Create | Villager (Male) |
| 11:00 | Build | Palisade Wall |
| 11:02 | Create | Villager (Male) |
| 11:20 | Create | Villager (Male) |
| 11:31 | Build | Farm |
| 11:36 | Build | Farm |
| 11:36 | Build | Farm |
| 11:39 | Create | Villager (Male) |
| 11:57 | Create | Scout Cavalry |
| 11:59 | Create | Villager (Male) |
| 12:04 | Create | Villager (Male) |
| 12:07 | Build | Farm |
| 12:21 | Create | Villager (Male) |
| 12:28 | Create | Scout Cavalry |
| 12:33 | Build | Farm |
| 12:37 | Build | Farm |
| 12:52 | Create | Villager (Male) |
| 12:54 | Create | Scout Cavalry |
| 13:08 | Create | Villager (Male) |
| 13:23 | Create | Villager (Male) |
| 13:25 | Build | Farm |
| 13:27 | Build | Farm |
| 13:28 | Create | Villager (Male) |
| 13:30 | Build | House |
| 13:59 | Create | Villager (Male) |
| 14:02 | Build | Mining Camp |
| 14:05 | Create | Villager (Male) |
| 14:07 | Create | Villager (Male) |
| 14:22 | Create | Villager (Male) |
| 14:42 | Create | Villager (Male) |
| 14:44 | Build | Farm |
| 14:46 | Build | Farm |
| 14:50 | Research | Wheelbarrow |
| 14:52 | Research | Horse Collar |
| 14:53 | Research | Horse Collar |
| 15:02 | Create | Villager (Male) |
| 15:21 | Create | Villager (Male) |
| 15:41 | Build | Stone Wall |
| 15:51 | Create | Villager (Male) |
| 15:52 | Create | Villager (Male) |
| 15:57 | Build | Market |
| 16:19 | Create | Villager (Male) |
| 16:19 | Create | Villager (Male) |
| 16:40 | Build | Stone Wall |
| 16:40 | Build | Stone Wall |
| 17:03 | Build | Stone Wall |
| 17:08 | Build | House |
| 17:19 | Build | House |
| 17:21 | Build | House |
| 17:22 | Build | House |
| 17:33 | Build | House |
| 17:42 | Build | Gate |
| 17:57 | Build | Stone Wall |
| 17:59 | Create | Villager (Male) |
| 17:59 | Create | Villager (Male) |
| 18:05 | Build | Watch Tower |
| 18:08 | Build | Palisade Wall |
| 18:31 | Build | Mining Camp |
| 18:46 | Build | Watch Tower |
| 19:10 | Build | House |
| 19:26 | Build | Watch Tower |
| 20:15 | Build | Lumber Camp |
| 20:32 | Build | House |
| 22:10 | Build | Town Center |
| 23:01 | Create | Villager (Male) |
| 23:01 | Create | Villager (Male) |
| 23:02 | Create | Villager (Male) |
| 23:04 | Build | Farm |
| 23:51 | Build | Farm |
| 23:52 | Create | Villager (Male) |
| 24:17 | Build | Watch Tower |
| 24:55 | Build | House |
| 25:13 | Create | Villager (Male) |
| 25:14 | Create | Villager (Male) |
| 25:14 | Create | Villager (Male) |
| 25:16 | Build | Farm |
| 25:16 | Build | Farm |
| 25:39 | Create | Villager (Male) |
| 25:39 | Create | Villager (Male) |
| 25:50 | Build | Farm |
| 25:51 | Build | Farm |
| 25:54 | Build | Farm |
| 26:21 | Build | Mill |
| 26:22 | Build | Farm |
| 26:23 | Build | Farm |
| 26:24 | Build | Farm |
| 26:26 | Build | Farm |
| 26:32 | Create | Villager (Male) |
| 27:02 | Build | Farm |
| 27:03 | Build | Farm |
| 27:05 | Create | Villager (Male) |
| 27:05 | Create | Villager (Male) |
| 27:39 | Create | Villager (Male) |
| 27:39 | Create | Villager (Male) |
| 27:51 | Create | Villager (Male) |
| 28:22 | Build | Blacksmith |
| 28:37 | Create | Villager (Male) |
| 28:37 | Create | Villager (Male) |
| 28:37 | Create | Villager (Male) |
| 29:11 | Create | Villager (Male) |
| 29:11 | Create | Villager (Male) |
| 29:31 | Create | Villager (Male) |
Build order — 农夫三拳
First 150 of 691 actions detected
| 0:00 | Create | Villager (Male) |
| 0:01 | Create | Villager (Male) |
| 0:02 | Build | House |
| 0:03 | Build | House |
| 0:11 | Create | Villager (Male) |
| 0:11 | Create | Villager (Male) |
| 0:11 | Create | Villager (Male) |
| 1:29 | Create | Villager (Male) |
| 1:30 | Create | Villager (Male) |
| 1:48 | Build | Lumber Camp |
| 1:51 | Create | Villager (Male) |
| 1:51 | Create | Villager (Male) |
| 2:25 | Create | Villager (Male) |
| 2:25 | Create | Villager (Male) |
| 2:46 | Create | Villager (Male) |
| 2:47 | Create | Villager (Male) |
| 3:11 | Create | Villager (Male) |
| 3:11 | Create | Villager (Male) |
| 3:22 | Create | Villager (Male) |
| 3:51 | Build | House |
| 3:59 | Create | Villager (Male) |
| 3:59 | Create | Villager (Male) |
| 4:19 | Create | Villager (Male) |
| 4:23 | Create | Villager (Male) |
| 4:23 | Create | Villager (Male) |
| 4:30 | Build | House |
| 4:56 | Create | Villager (Male) |
| 4:56 | Create | Villager (Male) |
| 5:13 | Create | Villager (Male) |
| 5:13 | Create | Villager (Male) |
| 5:55 | Build | Mill |
| 6:24 | Research | Feudal Age |
| 6:24 | Research | Feudal Age |
| 8:02 | Create | Villager (Male) |
| 8:34 | Age | Feudal Age |
| 8:36 | Create | Villager (Male) |
| 8:39 | Build | Stable |
| 8:47 | Research | Double-Bit Axe |
| 8:48 | Research | Horse Collar |
| 8:48 | Research | Horse Collar |
| 9:12 | Create | Villager (Male) |
| 9:24 | Build | Palisade Wall |
| 9:27 | Build | Palisade Wall |
| 9:28 | Build | Palisade Wall |
| 9:33 | Create | Villager (Male) |
| 9:42 | Research | Loom |
| 9:42 | Research | Loom |
| 9:56 | Create | Villager (Male) |
| 9:57 | Create | Scout Cavalry |
| 10:02 | Build | House |
| 10:05 | Create | Scout Cavalry |
| 10:09 | Build | Farm |
| 10:10 | Build | Farm |
| 10:12 | Build | Farm |
| 10:16 | Create | Scout Cavalry |
| 10:24 | Create | Villager (Male) |
| 10:49 | Create | Scout Cavalry |
| 10:52 | Create | Villager (Male) |
| 10:54 | Build | Farm |
| 11:09 | Build | Farm |
| 11:10 | Build | Farm |
| 11:18 | Build | House |
| 11:36 | Create | Scout Cavalry |
| 11:37 | Create | Villager (Male) |
| 11:49 | Build | Palisade Wall |
| 11:51 | Build | House |
| 11:53 | Create | Scout Cavalry |
| 11:58 | Create | Villager (Male) |
| 12:00 | Build | Farm |
| 12:03 | Build | Farm |
| 12:17 | Create | Villager (Male) |
| 12:20 | Build | Farm |
| 12:48 | Create | Scout Cavalry |
| 12:52 | Build | House |
| 12:52 | Create | Villager (Male) |
| 12:55 | Build | Farm |
| 12:57 | Build | Farm |
| 13:07 | Create | Scout Cavalry |
| 13:12 | Build | Palisade Wall |
| 13:16 | Create | Villager (Male) |
| 13:43 | Build | Gate |
| 13:50 | Create | Villager (Male) |
| 13:54 | Build | Farm |
| 14:05 | Create | Villager (Male) |
| 14:07 | Build | Farm |
| 14:09 | Build | Farm |
| 14:10 | Create | Villager (Male) |
| 14:31 | Create | Villager (Male) |
| 14:46 | Create | Scout Cavalry |
| 14:46 | Create | Scout Cavalry |
| 14:47 | Create | Villager (Male) |
| 14:51 | Build | Mining Camp |
| 15:09 | Create | Villager (Male) |
| 15:11 | Build | Farm |
| 15:12 | Build | Farm |
| 15:45 | Create | Villager (Male) |
| 15:49 | Build | Farm |
| 15:54 | Build | Stone Wall |
| 15:55 | Build | Stone Wall |
| 16:25 | Create | Scout Cavalry |
| 16:40 | Create | Villager (Male) |
| 16:45 | Build | Palisade Wall |
| 16:49 | Build | House |
| 16:56 | Build | Farm |
| 17:16 | Research | Castle Age |
| 17:16 | Research | Castle Age |
| 19:01 | Build | Palisade Wall |
| 19:02 | Build | Palisade Wall |
| 19:05 | Build | House |
| 19:07 | Build | Palisade Wall |
| 19:31 | Build | Blacksmith |
| 19:56 | Age | Castle Age |
| 20:05 | Create | Villager (Male) |
| 20:07 | Create | Knight |
| 20:12 | Research | Light Cavalry (upgrade) |
| 20:13 | Research | Light Cavalry (upgrade) |
| 20:17 | Create | Villager (Male) |
| 20:21 | Build | Town Center |
| 20:36 | Create | Villager (Male) |
| 20:38 | Create | Knight |
| 20:51 | Create | Villager (Male) |
| 21:04 | Build | Market |
| 21:19 | Create | Villager (Male) |
| 21:36 | Create | Villager (Male) |
| 21:39 | Create | Villager (Male) |
| 21:41 | Research | Bow Saw |
| 21:41 | Research | Bow Saw |
| 21:49 | Create | Villager (Male) |
| 22:05 | Create | Villager (Male) |
| 22:07 | Create | Villager (Male) |
| 22:13 | Build | Town Center |
| 22:27 | Create | Villager (Male) |
| 22:35 | Create | Villager (Male) |
| 22:40 | Create | Villager (Male) |
| 22:43 | Create | Villager (Male) |
| 22:44 | Create | Villager (Male) |
| 22:55 | Build | Town Center |
| 22:58 | Create | Scout Cavalry |
| 23:06 | Create | Villager (Male) |
| 23:11 | Create | Scout Cavalry |
| 23:12 | Research | Scale Barding Armor |
| 23:12 | Research | Scale Barding Armor |
| 23:17 | Create | Villager (Male) |
| 23:17 | Create | Villager (Male) |
| 23:31 | Build | Stone Wall |
| 23:38 | Create | Villager (Male) |
| 23:39 | Create | Villager (Male) |
| 23:40 | Create | Villager (Male) |
| 23:43 | Create | Villager (Male) |
| 23:54 | Build | Mining Camp |
Build order — [R1] Pume
First 150 of 665 actions detected
| 0:01 | Create | Villager (Male) |
| 0:01 | Create | Villager (Male) |
| 0:02 | Build | House |
| 0:03 | Create | Villager (Male) |
| 0:04 | Build | House |
| 0:07 | Create | Villager (Male) |
| 1:27 | Create | Villager (Male) |
| 1:27 | Create | Villager (Male) |
| 1:51 | Create | Villager (Male) |
| 2:26 | Create | Villager (Male) |
| 2:33 | Create | Villager (Male) |
| 2:42 | Build | Lumber Camp |
| 2:51 | Create | Villager (Male) |
| 3:23 | Create | Villager (Male) |
| 4:05 | Create | Villager (Male) |
| 4:10 | Create | Villager (Male) |
| 4:16 | Build | House |
| 4:29 | Create | Villager (Male) |
| 4:53 | Create | Villager (Male) |
| 5:21 | Create | Villager (Male) |
| 5:29 | Create | Villager (Male) |
| 5:36 | Create | Villager (Male) |
| 5:56 | Create | Villager (Male) |
| 6:03 | Build | House |
| 6:07 | Build | Mill |
| 6:27 | Create | Villager (Male) |
| 6:33 | Build | House |
| 6:36 | Create | Villager (Male) |
| 6:55 | Create | Villager (Male) |
| 7:09 | Build | Farm |
| 7:20 | Create | Villager (Male) |
| 7:34 | Create | Villager (Male) |
| 7:42 | Build | Farm |
| 7:48 | Create | Villager (Male) |
| 8:08 | Research | Loom |
| 8:24 | Create | Villager (Male) |
| 8:48 | Research | Feudal Age |
| 8:56 | Build | Mining Camp |
| 9:22 | Build | Palisade Wall |
| 9:26 | Build | Palisade Wall |
| 9:27 | Build | Palisade Wall |
| 9:30 | Create | Villager (Male) |
| 9:33 | Build | Palisade Wall |
| 9:34 | Build | Palisade Wall |
| 9:43 | Create | Villager (Male) |
| 10:01 | Create | Villager (Male) |
| 10:15 | Build | Farm |
| 10:53 | Build | Palisade Wall |
| 10:55 | Build | Palisade Wall |
| 10:57 | Build | House |
| 10:58 | Age | Feudal Age |
| 11:00 | Build | Palisade Wall |
| 11:01 | Create | Villager (Male) |
| 11:09 | Build | Market |
| 11:16 | Build | Blacksmith |
| 11:18 | Create | Villager (Male) |
| 11:20 | Build | Palisade Wall |
| 11:26 | Build | Palisade Wall |
| 11:27 | Build | Palisade Wall |
| 11:29 | Build | Palisade Wall |
| 11:52 | Build | Palisade Wall |
| 11:53 | Build | Palisade Wall |
| 11:55 | Build | Palisade Wall |
| 12:10 | Build | Palisade Wall |
| 12:27 | Research | Castle Age |
| 12:28 | Research | Castle Age |
| 12:32 | Build | Stone Wall |
| 12:36 | Build | Stone Wall |
| 12:55 | Research | Horse Collar |
| 13:19 | Build | Stone Wall |
| 13:30 | Build | Stone Wall |
| 13:34 | Research | Double-Bit Axe |
| 13:39 | Build | Farm |
| 13:41 | Build | Farm |
| 13:51 | Create | Villager (Male) |
| 13:52 | Build | Farm |
| 13:58 | Create | Villager (Male) |
| 14:19 | Build | Farm |
| 14:21 | Build | Farm |
| 14:26 | Build | Farm |
| 14:47 | Build | Farm |
| 15:18 | Age | Castle Age |
| 15:46 | Research | Bow Saw |
| 15:46 | Create | Villager (Male) |
| 16:11 | Create | Villager (Male) |
| 16:16 | Build | Town Center |
| 16:38 | Create | Villager (Male) |
| 16:39 | Create | Villager (Male) |
| 16:44 | Create | Villager (Male) |
| 16:58 | Create | Villager (Male) |
| 17:05 | Create | Villager (Male) |
| 17:20 | Create | Villager (Male) |
| 17:39 | Build | Town Center |
| 17:41 | Create | Villager (Male) |
| 17:50 | Create | Villager (Male) |
| 17:50 | Create | Villager (Male) |
| 17:51 | Build | Farm |
| 17:53 | Create | Villager (Male) |
| 17:59 | Create | Villager (Male) |
| 18:05 | Research | Wheelbarrow |
| 18:18 | Create | Villager (Male) |
| 18:18 | Create | Villager (Male) |
| 18:22 | Build | Farm |
| 18:24 | Build | Farm |
| 18:25 | Build | Farm |
| 18:26 | Create | Villager (Male) |
| 18:29 | Build | Farm |
| 18:33 | Build | Farm |
| 18:35 | Build | Farm |
| 18:38 | Create | Villager (Male) |
| 18:51 | Create | Villager (Male) |
| 18:51 | Create | Villager (Male) |
| 19:01 | Build | Farm |
| 19:03 | Build | Farm |
| 19:04 | Build | Farm |
| 19:05 | Build | Farm |
| 19:08 | Create | Villager (Male) |
| 19:09 | Create | Villager (Male) |
| 19:17 | Create | Villager (Male) |
| 19:25 | Build | Farm |
| 19:43 | Create | Villager (Male) |
| 19:49 | Create | Villager (Male) |
| 19:54 | Build | Town Center |
| 19:55 | Create | Villager (Male) |
| 20:07 | Build | Town Center |
| 20:08 | Create | Villager (Male) |
| 20:10 | Create | Villager (Male) |
| 20:11 | Build | House |
| 20:12 | Build | House |
| 20:12 | Build | House |
| 20:13 | Build | House |
| 20:13 | Build | House |
| 20:13 | Build | House |
| 20:13 | Build | House |
| 20:15 | Create | Villager (Male) |
| 20:16 | Build | House |
| 20:17 | Build | House |
| 20:17 | Build | House |
| 20:17 | Build | House |
| 20:17 | Build | House |
| 20:18 | Build | House |
| 20:23 | Create | Villager (Male) |
| 20:27 | Build | Palisade Wall |
| 20:31 | Build | Palisade Wall |
| 20:35 | Create | Villager (Male) |
| 20:36 | Create | Villager (Male) |
| 20:44 | Build | Farm |
| 20:44 | Create | Villager (Male) |
| 20:46 | Build | Farm |
| 20:51 | Build | Farm |
Build order — _LY_lyx
First 150 of 878 actions detected
| 0:02 | Create | Villager (Male) |
| 0:02 | Create | Villager (Male) |
| 0:03 | Build | House |
| 0:04 | Build | House |
| 0:18 | Create | Villager (Male) |
| 0:25 | Create | Villager (Male) |
| 0:25 | Create | Villager (Male) |
| 1:24 | Create | Villager (Male) |
| 1:24 | Create | Villager (Male) |
| 1:56 | Create | Villager (Male) |
| 1:56 | Create | Villager (Male) |
| 1:57 | Build | Lumber Camp |
| 2:20 | Create | Villager (Male) |
| 2:21 | Create | Villager (Male) |
| 2:21 | Create | Villager (Male) |
| 2:41 | Create | Villager (Male) |
| 3:07 | Create | Villager (Male) |
| 3:07 | Create | Villager (Male) |
| 3:21 | Create | Villager (Male) |
| 3:30 | Build | House |
| 3:37 | Build | House |
| 3:51 | Create | Villager (Male) |
| 4:00 | Build | Palisade Wall |
| 4:25 | Create | Villager (Male) |
| 4:43 | Create | Villager (Male) |
| 4:44 | Create | Villager (Male) |
| 5:10 | Build | House |
| 5:13 | Create | Villager (Male) |
| 5:37 | Build | Mill |
| 5:40 | Build | House |
| 5:49 | Create | Villager (Male) |
| 5:59 | Create | Villager (Male) |
| 6:22 | Create | Villager (Male) |
| 6:42 | Build | Palisade Wall |
| 6:44 | Build | Palisade Wall |
| 6:57 | Create | Villager (Male) |
| 7:12 | Create | Villager (Male) |
| 7:34 | Build | Mining Camp |
| 7:46 | Create | Villager (Male) |
| 7:58 | Build | Mining Camp |
| 7:59 | Research | Loom |
| 8:35 | Research | Feudal Age |
| 9:17 | Create | Villager (Male) |
| 10:57 | Age | Feudal Age |
| 11:00 | Build | Market |
| 11:09 | Build | Blacksmith |
| 11:14 | Create | Villager (Male) |
| 11:18 | Build | Palisade Wall |
| 11:24 | Build | Palisade Wall |
| 11:29 | Build | Palisade Wall |
| 11:55 | Build | Palisade Gate |
| 12:18 | Research | Castle Age |
| 12:24 | Build | Palisade Wall |
| 12:44 | Build | Farm |
| 13:02 | Build | Farm |
| 14:19 | Build | Farm |
| 14:21 | Research | Double-Bit Axe |
| 14:58 | Age | Castle Age |
| 15:04 | Build | Castle |
| 15:10 | Create | Villager (Male) |
| 15:22 | Build | Palisade Wall |
| 15:24 | Build | Stone Wall |
| 15:26 | Build | Stone Wall |
| 15:27 | Build | Stone Wall |
| 15:32 | Create | Villager (Male) |
| 15:36 | Build | House |
| 15:39 | Build | Palisade Wall |
| 15:41 | Build | Palisade Wall |
| 15:54 | Create | Villager (Male) |
| 16:05 | Build | Siege Workshop |
| 16:14 | Build | House |
| 16:36 | Create | Villager (Male) |
| 16:38 | Create | Conquistador |
| 16:43 | Create | Battering Ram |
| 16:49 | Build | Lumber Camp |
| 16:53 | Create | Conquistador |
| 16:58 | Create | Villager (Male) |
| 17:10 | Create | Conquistador |
| 17:10 | Create | Conquistador |
| 17:13 | Build | Farm |
| 17:36 | Create | Battering Ram |
| 17:36 | Create | Battering Ram |
| 17:39 | Create | Conquistador |
| 17:40 | Create | Conquistador |
| 17:57 | Create | Villager (Male) |
| 17:58 | Build | Farm |
| 18:23 | Create | Conquistador |
| 18:51 | Create | Battering Ram |
| 18:53 | Create | Villager (Male) |
| 18:55 | Build | Farm |
| 19:19 | Create | Conquistador |
| 19:33 | Build | Mill |
| 19:36 | Build | Farm |
| 19:36 | Build | Farm |
| 20:08 | Create | Conquistador |
| 20:08 | Create | Conquistador |
| 20:14 | Build | House |
| 20:26 | Create | Villager (Male) |
| 20:29 | Build | Barracks |
| 20:39 | Build | Farm |
| 20:51 | Create | Conquistador |
| 20:59 | Build | Farm |
| 21:21 | Build | Farm |
| 21:22 | Create | Conquistador |
| 21:57 | Create | Conquistador |
| 22:02 | Build | Stable |
| 22:07 | Create | Villager (Male) |
| 22:08 | Build | House |
| 22:18 | Create | Conquistador |
| 22:40 | Build | Farm |
| 23:11 | Research | Bloodlines |
| 23:11 | Research | Bloodlines |
| 23:15 | Create | Villager (Male) |
| 23:15 | Create | Villager (Male) |
| 23:28 | Research | Horse Collar |
| 23:33 | Research | Bow Saw |
| 23:33 | Research | Bow Saw |
| 23:39 | Create | Villager (Male) |
| 23:56 | Build | Farm |
| 23:58 | Build | Farm |
| 24:06 | Create | Conquistador |
| 24:06 | Create | Conquistador |
| 24:10 | Build | Farm |
| 24:20 | Create | Villager (Male) |
| 24:20 | Create | Villager (Male) |
| 24:24 | Build | Farm |
| 24:48 | Create | Conquistador |
| 24:51 | Research | Padded Archer Armor |
| 25:02 | Create | Conquistador |
| 25:15 | Build | Market |
| 25:23 | Create | Villager (Male) |
| 25:25 | Build | Stone Wall |
| 25:27 | Build | Stone Wall |
| 25:48 | Build | Stone Wall |
| 25:51 | Build | Stone Wall |
| 25:55 | Create | Villager (Male) |
| 25:57 | Build | Stone Wall |
| 25:58 | Build | Stone Wall |
| 26:03 | Create | Villager (Male) |
| 26:05 | Create | Villager (Male) |
| 26:11 | Create | Conquistador |
| 26:32 | Build | Town Center |
| 26:34 | Build | Stone Wall |
| 26:37 | Create | Villager (Male) |
| 26:44 | Build | Farm |
| 27:08 | Build | Monastery |
| 27:11 | Create | Villager (Male) |
| 27:25 | Build | Stone Wall |
| 27:28 | Build | Stone Wall |
| 27:46 | Create | Villager (Male) |
Match timeline
| 4:00 | _LY_lyx · wall_segment Palisade Wall x1 |
| 6:42 | _LY_lyx · wall_segment Palisade Wall x6 |
| 6:44 | _LY_lyx · wall_segment Palisade Wall x15 |
| 6:54 | 合川狗大高手 · first_building Barracks |
| 7:19 | [R1] PoXoLo · first_building Barracks |
| 7:25 | c3mbrich! · first_building Barracks |
| 7:31 | Oni.TaToH · wall_segment Palisade Wall x19 |
| 8:01 | 合川狗大高手 · age_up feudal |
| 8:02 | 合川狗大高手 · first_building Stable |
| 8:08 | c3mbrich! · age_up feudal |
| 8:17 | c3mbrich! · first_building Stable |
| 8:20 | Oni.TaToH · wall_segment Palisade Wall x1 |
| 8:20 | [R1] PoXoLo · wall_segment Palisade Wall x1 |
| 8:21 | Oni.TaToH · wall_segment Palisade Wall x1 |
| 8:22 | Oni.TaToH · wall_segment Palisade Wall x1 |
| 8:34 | 农夫三拳 · age_up feudal |
| 8:39 | Oni.TaToH · wall_segment Palisade Wall x1 |
| 8:39 | 农夫三拳 · first_building Stable |
| 8:39 | Oni.TaToH · wall_segment Palisade Wall x1 |
| 8:59 | [R1] PoXoLo · age_up feudal |
| 9:00 | [R1] PoXoLo · first_building Stable |
| 9:22 | [R1] Pume · wall_segment Palisade Wall x1 |
| 9:24 | 农夫三拳 · wall_segment Palisade Wall x1 |
| 9:26 | [R1] Pume · wall_segment Palisade Wall x1 |
| 9:27 | 农夫三拳 · wall_segment Palisade Wall x1 |
| 9:27 | [R1] Pume · wall_segment Palisade Wall x1 |
| 9:28 | 农夫三拳 · wall_segment Palisade Wall x1 |
| 9:33 | [R1] Pume · wall_segment Palisade Wall x1 |
| 9:34 | [R1] Pume · wall_segment Palisade Wall x1 |
| 9:45 | [LuB]夢夢 · first_building Barracks |
| 9:48 | Oni.TaToH · wall_segment Palisade Wall x1 |
| 9:49 | Oni.TaToH · wall_segment Palisade Wall x1 |
| 10:08 | Oni.TaToH · wall_segment Palisade Wall x1 |
| 10:09 | Oni.TaToH · wall_segment Palisade Wall x1 |
| 10:09 | Oni.TaToH · wall_segment Palisade Wall x1 |
| 10:12 | Oni.TaToH · wall_segment Palisade Wall x1 |
| 10:15 | Oni.TaToH · wall_segment Palisade Wall x1 |
| 10:15 | Oni.TaToH · wall_segment Palisade Wall x1 |
| 10:16 | Oni.TaToH · wall_segment Palisade Wall x1 |
| 10:16 | Oni.TaToH · wall_segment Palisade Wall x1 |
| 10:31 | Oni.TaToH · age_up feudal |
| 10:53 | [R1] Pume · wall_segment Palisade Wall x3 |
| 10:55 | [R1] Pume · wall_segment Palisade Wall x1 |
| 10:57 | _LY_lyx · age_up feudal |
| 10:58 | [R1] Pume · age_up feudal |
| 11:00 | [R1] Pume · wall_segment Palisade Wall x1 |
| 11:00 | c3mbrich! · wall_segment Palisade Wall x6 |
| 11:14 | Oni.TaToH · wall_segment Palisade Wall x1 |
| 11:15 | Oni.TaToH · wall_segment Palisade Wall x1 |
| 11:15 | Oni.TaToH · wall_segment Palisade Wall x1 |
| 11:16 | Oni.TaToH · wall_segment Palisade Wall x1 |
| 11:16 | Oni.TaToH · wall_segment Palisade Wall x1 |
| 11:17 | Oni.TaToH · wall_segment Palisade Wall x1 |
| 11:17 | Oni.TaToH · wall_segment Palisade Wall x1 |
| 11:18 | _LY_lyx · wall_segment Palisade Wall x7 |
| 11:20 | [R1] Pume · wall_segment Palisade Wall x1 |
| 11:21 | Oni.TaToH · wall_segment Palisade Wall x1 |
| 11:22 | Oni.TaToH · wall_segment Palisade Wall x1 |
| 11:24 | _LY_lyx · wall_segment Palisade Wall x5 |
| 11:26 | [R1] Pume · wall_segment Palisade Wall x1 |
| 11:27 | [R1] Pume · wall_segment Palisade Wall x1 |
| 11:29 | [R1] Pume · wall_segment Palisade Wall x1 |
| 11:29 | _LY_lyx · wall_segment Palisade Wall x1 |
| 11:36 | [LuB]夢夢 · age_up feudal |
| 11:39 | [LuB]夢夢 · first_building Stable |
| 11:49 | 农夫三拳 · wall_segment Palisade Wall x1 |
| 11:52 | [R1] Pume · wall_segment Palisade Wall x1 |
| 11:53 | [R1] Pume · wall_segment Palisade Wall x1 |
| 11:55 | [R1] Pume · wall_segment Palisade Wall x1 |
| 12:10 | [R1] Pume · wall_segment Palisade Wall x1 |
| 12:20 | [R1] Pume · first_market_sell 100 stone |
| 12:24 | _LY_lyx · wall_segment Palisade Wall x1 |
| 12:32 | [R1] Pume · wall_segment Stone Wall x8 |
| 12:36 | [R1] Pume · wall_segment Stone Wall x2 |
| 12:45 | Oni.TaToH · wall_segment Palisade Wall x1 |
| 13:00 | [R1] PoXoLo · wall_segment Stone Wall x1 |
| 13:12 | 农夫三拳 · wall_segment Palisade Wall x7 |
| 13:19 | [R1] Pume · wall_segment Stone Wall x1 |
| 13:30 | [R1] Pume · wall_segment Stone Wall x1 |
| 13:55 | [LuB]夢夢 · wall_segment Stone Wall x4 |
| 14:06 | [LuB]夢夢 · wall_segment Stone Wall x9 |
| 14:52 | Oni.TaToH · age_up castle |
| 14:55 | [LuB]夢夢 · age_up castle |
| 14:58 | _LY_lyx · age_up castle |
| 15:04 | _LY_lyx · first_building Castle |
| 15:18 | [R1] Pume · age_up castle |
| 15:22 | _LY_lyx · wall_segment Palisade Wall x1 |
| 15:24 | _LY_lyx · wall_segment Stone Wall x1 |
| 15:26 | _LY_lyx · wall_segment Stone Wall x1 |
| 15:27 | _LY_lyx · wall_segment Stone Wall x1 |
| 15:39 | _LY_lyx · wall_segment Palisade Wall x1 |
| 15:41 | c3mbrich! · wall_segment Stone Wall x9 |
| 15:41 | _LY_lyx · wall_segment Palisade Wall x1 |
| 15:51 | Oni.TaToH · wall_segment Palisade Wall x1 |
| 15:52 | Oni.TaToH · wall_segment Palisade Wall x1 |
| 15:54 | 农夫三拳 · wall_segment Stone Wall x1 |
| 15:55 | Oni.TaToH · wall_segment Palisade Wall x1 |
| 15:55 | 农夫三拳 · wall_segment Stone Wall x1 |
| 16:00 | Oni.TaToH · first_building Barracks |
| 16:01 | _LY_lyx · first_market_buy 100 wood |
| 16:05 | _LY_lyx · first_building Siege Workshop |
| 16:40 | c3mbrich! · wall_segment Stone Wall x1 |
| 16:40 | c3mbrich! · wall_segment Stone Wall x1 |
| 16:45 | 农夫三拳 · wall_segment Palisade Wall x1 |
| 17:00 | Oni.TaToH · first_building Archery Range |
| 17:03 | c3mbrich! · wall_segment Stone Wall x3 |
| 17:13 | c3mbrich! · first_market_buy 100 wood |
| 17:31 | Oni.TaToH · first_market_buy 100 food |
| 17:57 | c3mbrich! · wall_segment Stone Wall x1 |
| 18:08 | c3mbrich! · wall_segment Palisade Wall x1 |
| 19:01 | 农夫三拳 · wall_segment Palisade Wall x1 |
| 19:02 | 农夫三拳 · wall_segment Palisade Wall x1 |
| 19:07 | 农夫三拳 · wall_segment Palisade Wall x1 |
| 19:16 | [R1] PoXoLo · wall_segment Palisade Wall x7 |
| 19:22 | [R1] Pume · first_market_buy 100 wood |
| 19:33 | [R1] PoXoLo · age_up castle |
| 19:54 | [LuB]夢夢 · wall_segment Stone Wall x3 |
| 19:56 | 农夫三拳 · age_up castle |
| 20:01 | 合川狗大高手 · wall_segment Stone Wall x20 |
| 20:09 | c3mbrich! · first_market_sell 100 food |
| 20:27 | [R1] Pume · wall_segment Palisade Wall x2 |
| 20:29 | _LY_lyx · first_building Barracks |
| 20:31 | [R1] Pume · wall_segment Palisade Wall x1 |
| 20:58 | 合川狗大高手 · wall_segment Stone Wall x9 |
| 21:15 | [LuB]夢夢 · first_market_buy 100 stone |
| 21:18 | [R1] PoXoLo · first_market_sell 100 wood |
| 21:19 | [R1] PoXoLo · first_market_buy 100 stone |
| 21:42 | [LuB]夢夢 · wall_segment Stone Wall x3 |
| 21:43 | [LuB]夢夢 · wall_segment Stone Wall x12 |
| 21:48 | Oni.TaToH · first_market_sell 100 wood |
| 21:54 | [R1] Pume · first_building Monastery |
| 22:02 | _LY_lyx · first_building Stable |
| 22:09 | 农夫三拳 · first_market_buy 100 stone |
| 22:47 | [LuB]夢夢 · first_building Monastery |
| 23:24 | 合川狗大高手 · wall_segment Stone Wall x1 |
| 23:31 | 农夫三拳 · wall_segment Stone Wall x5 |
| 24:46 | 合川狗大高手 · age_up castle |
| 25:05 | [LuB]夢夢 · wall_segment Stone Wall x19 |
| 25:06 | [LuB]夢夢 · wall_segment Stone Wall x1 |
| 25:06 | [LuB]夢夢 · wall_segment Stone Wall x1 |
| 25:20 | 合川狗大高手 · first_market_buy 100 wood |
| 25:21 | [LuB]夢夢 · first_building Siege Workshop |
| 25:25 | _LY_lyx · wall_segment Stone Wall x1 |
| 25:27 | _LY_lyx · wall_segment Stone Wall x1 |
| 25:29 | 农夫三拳 · first_building Monastery |
| 25:48 | _LY_lyx · wall_segment Stone Wall x7 |
| 25:51 | _LY_lyx · wall_segment Stone Wall x1 |
| 25:57 | _LY_lyx · wall_segment Stone Wall x5 |
| 25:58 | _LY_lyx · wall_segment Stone Wall x5 |
| 26:34 | _LY_lyx · wall_segment Stone Wall x1 |
| 26:37 | 农夫三拳 · first_building Siege Workshop |
| 26:41 | [R1] Pume · first_building Castle |
| 27:08 | _LY_lyx · first_building Monastery |
| 27:25 | _LY_lyx · wall_segment Stone Wall x11 |
| 27:28 | _LY_lyx · wall_segment Stone Wall x15 |
| 28:02 | _LY_lyx · first_market_sell 100 food |
| 28:02 | [LuB]夢夢 · first_market_sell 100 wood |
| 28:30 | [LuB]夢夢 · first_building Castle |
| 28:36 | [R1] Pume · first_building Barracks |
| 29:20 | _LY_lyx · wall_segment Stone Wall x15 |
| 29:21 | [R1] Pume · first_building Stable |
| 29:45 | _LY_lyx · wall_segment Stone Wall x1 |
| 29:45 | _LY_lyx · wall_segment Stone Wall x1 |
| 29:45 | Oni.TaToH · first_building Monastery |
| 29:46 | _LY_lyx · wall_segment Stone Wall x6 |
| 29:48 | _LY_lyx · wall_segment Stone Wall x1 |
| 30:01 | 合川狗大高手 · first_building Monastery |
| 30:13 | c3mbrich! · wall_segment Stone Wall x6 |
| 30:31 | c3mbrich! · wall_segment Stone Wall x6 |
| 30:32 | c3mbrich! · wall_segment Stone Wall x6 |
| 30:48 | _LY_lyx · wall_segment Stone Wall x1 |
| 30:50 | _LY_lyx · wall_segment Stone Wall x1 |
| 31:18 | [R1] PoXoLo · wall_segment Stone Wall x3 |
| 31:21 | _LY_lyx · wall_segment Stone Wall x1 |
| 31:21 | _LY_lyx · wall_segment Stone Wall x1 |
| 31:22 | Oni.TaToH · first_building Siege Workshop |
| 31:28 | [R1] Pume · age_up imperial |
| 32:09 | [LuB]夢夢 · age_up imperial |
| 32:17 | 农夫三拳 · first_building Castle |
| 32:26 | 合川狗大高手 · first_building Castle |
| 32:46 | 合川狗大高手 · first_building Archery Range |
| 33:10 | c3mbrich! · wall_segment Stone Wall x9 |
| 33:13 | [R1] PoXoLo · first_building Monastery |
| 33:27 | c3mbrich! · age_up castle |
| 33:32 | c3mbrich! · wall_segment Stone Wall x1 |
| 33:57 | Oni.TaToH · age_up imperial |
| 34:21 | 合川狗大高手 · age_up imperial |
| 34:21 | [R1] Pume · tribute_sent a jugador 1 |
| 34:21 | [R1] Pume · tribute_sent a jugador 2 |
| 34:21 | [R1] Pume · tribute_sent a jugador 3 |
| 34:21 | [R1] Pume · tribute_sent a jugador 4 |
| 34:21 | [R1] Pume · tribute_sent a jugador 5 |
| 34:21 | [R1] Pume · tribute_sent a jugador 6 |
| 34:21 | [R1] Pume · tribute_sent a jugador 8 |
| 34:23 | 农夫三拳 · age_up imperial |
| 34:28 | 合川狗大高手 · first_market_sell 100 wood |
| 34:29 | Oni.TaToH · first_building Castle |
| 34:50 | c3mbrich! · wall_segment Stone Wall x1 |
| 35:10 | [R1] Pume · wall_segment Stone Wall x9 |
| 35:59 | [R1] PoXoLo · wall_segment Stone Wall x10 |
| 35:59 | c3mbrich! · wall_segment Stone Wall x3 |
| 36:38 | [R1] PoXoLo · age_up imperial |
| 37:19 | [LuB]夢夢 · tribute_sent a jugador 1 |
| 37:19 | [LuB]夢夢 · tribute_sent a jugador 2 |
| 37:19 | [LuB]夢夢 · tribute_sent a jugador 3 |
| 37:19 | [LuB]夢夢 · tribute_sent a jugador 5 |
| 37:19 | [LuB]夢夢 · tribute_sent a jugador 6 |
| 37:19 | [LuB]夢夢 · tribute_sent a jugador 7 |
| 37:19 | [LuB]夢夢 · tribute_sent a jugador 8 |
| 38:06 | Oni.TaToH · tribute_sent a jugador 1 |
| 38:06 | Oni.TaToH · tribute_sent a jugador 2 |
| 38:06 | Oni.TaToH · tribute_sent a jugador 4 |
| 38:06 | Oni.TaToH · tribute_sent a jugador 5 |
| 38:06 | Oni.TaToH · tribute_sent a jugador 6 |
| 38:06 | Oni.TaToH · tribute_sent a jugador 7 |
| 38:06 | Oni.TaToH · tribute_sent a jugador 8 |
| 38:28 | c3mbrich! · first_building Monastery |
| 38:38 | [LuB]夢夢 · tribute_sent a jugador 1 |
| 38:38 | [LuB]夢夢 · tribute_sent a jugador 2 |
| 38:38 | [LuB]夢夢 · tribute_sent a jugador 3 |
| 38:38 | [LuB]夢夢 · tribute_sent a jugador 5 |
| 38:38 | [LuB]夢夢 · tribute_sent a jugador 6 |
| 38:38 | [LuB]夢夢 · tribute_sent a jugador 7 |
| 38:38 | [LuB]夢夢 · tribute_sent a jugador 8 |
| 38:48 | [R1] Pume · first_building Siege Workshop |
| 39:07 | [R1] Pume · wall_segment Stone Wall x9 |
| 39:11 | [LuB]夢夢 · tribute_sent a jugador 1 |
| 39:11 | [LuB]夢夢 · tribute_sent a jugador 2 |
| 39:11 | [LuB]夢夢 · tribute_sent a jugador 3 |
| 39:11 | [LuB]夢夢 · tribute_sent a jugador 5 |
| 39:11 | [LuB]夢夢 · tribute_sent a jugador 6 |
| 39:11 | [LuB]夢夢 · tribute_sent a jugador 7 |
| 39:11 | [LuB]夢夢 · tribute_sent a jugador 8 |
| 39:13 | [R1] Pume · wall_segment Stone Wall x13 |
| 39:22 | 农夫三拳 · tribute_sent a jugador 1 |
| 39:22 | 农夫三拳 · tribute_sent a jugador 2 |
| 39:22 | 农夫三拳 · tribute_sent a jugador 3 |
| 39:22 | 农夫三拳 · tribute_sent a jugador 4 |
| 39:23 | 农夫三拳 · tribute_sent a jugador 5 |
| 39:23 | 农夫三拳 · tribute_sent a jugador 7 |
| 39:23 | 农夫三拳 · tribute_sent a jugador 8 |
| 39:26 | Oni.TaToH · tribute_sent a jugador 1 |
| 39:26 | Oni.TaToH · tribute_sent a jugador 2 |
| 39:26 | Oni.TaToH · tribute_sent a jugador 4 |
| 39:26 | Oni.TaToH · tribute_sent a jugador 5 |
| 39:26 | Oni.TaToH · tribute_sent a jugador 6 |
| 39:26 | Oni.TaToH · tribute_sent a jugador 7 |
| 39:26 | Oni.TaToH · tribute_sent a jugador 8 |
| 39:31 | Oni.TaToH · tribute_sent a jugador 1 |
| 39:31 | Oni.TaToH · tribute_sent a jugador 2 |
| 39:31 | Oni.TaToH · tribute_sent a jugador 4 |
| 39:31 | Oni.TaToH · tribute_sent a jugador 5 |
| 39:31 | Oni.TaToH · tribute_sent a jugador 6 |
| 39:31 | Oni.TaToH · tribute_sent a jugador 7 |
| 39:31 | Oni.TaToH · tribute_sent a jugador 8 |
| 39:41 | [R1] Pume · tribute_sent a jugador 1 |
| 39:41 | [R1] Pume · tribute_sent a jugador 2 |
| 39:41 | [R1] Pume · tribute_sent a jugador 3 |
| 39:41 | [R1] Pume · tribute_sent a jugador 4 |
| 39:41 | [R1] Pume · tribute_sent a jugador 5 |
| 39:41 | [R1] Pume · tribute_sent a jugador 6 |
| 39:41 | [R1] Pume · tribute_sent a jugador 8 |
| 39:58 | c3mbrich! · first_building Siege Workshop |
| 40:41 | Oni.TaToH · tribute_sent a jugador 1 |
| 40:41 | Oni.TaToH · tribute_sent a jugador 2 |
| 40:41 | Oni.TaToH · tribute_sent a jugador 4 |
| 40:41 | Oni.TaToH · tribute_sent a jugador 5 |
| 40:41 | Oni.TaToH · tribute_sent a jugador 6 |
| 40:41 | Oni.TaToH · tribute_sent a jugador 7 |
| 40:41 | Oni.TaToH · tribute_sent a jugador 8 |
| 40:43 | 农夫三拳 · tribute_sent a jugador 1 |
| 40:43 | 农夫三拳 · tribute_sent a jugador 2 |
| 40:43 | 农夫三拳 · tribute_sent a jugador 3 |
| 40:43 | 农夫三拳 · tribute_sent a jugador 4 |
| 40:43 | 农夫三拳 · tribute_sent a jugador 5 |
| 40:43 | 农夫三拳 · tribute_sent a jugador 7 |
| 40:43 | 农夫三拳 · tribute_sent a jugador 8 |
| 41:01 | [LuB]夢夢 · tribute_sent a jugador 1 |
| 41:01 | [LuB]夢夢 · tribute_sent a jugador 2 |
| 41:01 | [LuB]夢夢 · tribute_sent a jugador 3 |
| 41:01 | [LuB]夢夢 · tribute_sent a jugador 5 |
| 41:01 | [LuB]夢夢 · tribute_sent a jugador 6 |
| 41:01 | [LuB]夢夢 · tribute_sent a jugador 7 |
| 41:01 | [LuB]夢夢 · tribute_sent a jugador 8 |
| 41:12 | [R1] Pume · wall_segment Stone Wall x2 |
| 41:15 | c3mbrich! · first_building Castle |
| 41:20 | Oni.TaToH · tribute_sent a jugador 1 |
| 41:20 | Oni.TaToH · tribute_sent a jugador 2 |
| 41:20 | Oni.TaToH · tribute_sent a jugador 4 |
| 41:20 | Oni.TaToH · tribute_sent a jugador 5 |
| 41:20 | Oni.TaToH · tribute_sent a jugador 6 |
| 41:20 | Oni.TaToH · tribute_sent a jugador 7 |
| 41:20 | Oni.TaToH · tribute_sent a jugador 8 |
| 41:23 | Oni.TaToH · tribute_sent a jugador 1 |
| 41:23 | Oni.TaToH · tribute_sent a jugador 2 |
| 41:23 | Oni.TaToH · tribute_sent a jugador 4 |
| 41:23 | Oni.TaToH · tribute_sent a jugador 5 |
| 41:23 | Oni.TaToH · tribute_sent a jugador 6 |
| 41:23 | Oni.TaToH · tribute_sent a jugador 7 |
| 41:23 | Oni.TaToH · tribute_sent a jugador 8 |
| 41:24 | [R1] Pume · tribute_sent a jugador 1 |
| 41:24 | [R1] Pume · tribute_sent a jugador 2 |
| 41:24 | [R1] Pume · tribute_sent a jugador 3 |
| 41:24 | [R1] Pume · tribute_sent a jugador 4 |
| 41:24 | [R1] Pume · tribute_sent a jugador 5 |
| 41:24 | [R1] Pume · tribute_sent a jugador 6 |
| 41:24 | [R1] Pume · tribute_sent a jugador 8 |
| 41:40 | [R1] PoXoLo · first_building Siege Workshop |
| 41:57 | 农夫三拳 · tribute_sent a jugador 1 |
| 41:57 | 农夫三拳 · tribute_sent a jugador 2 |
| 41:57 | 农夫三拳 · tribute_sent a jugador 3 |
| 41:57 | 农夫三拳 · tribute_sent a jugador 4 |
| 41:57 | 农夫三拳 · tribute_sent a jugador 5 |
| 41:57 | 农夫三拳 · tribute_sent a jugador 7 |
| 41:57 | 农夫三拳 · tribute_sent a jugador 8 |
| 42:03 | [R1] Pume · wall_segment Stone Wall x8 |
| 42:07 | [R1] Pume · wall_segment Stone Wall x15 |
| 42:09 | [R1] PoXoLo · wall_segment Stone Wall x10 |
| 42:15 | _LY_lyx · wall_segment Stone Wall x1 |
| 42:15 | Oni.TaToH · tribute_sent a jugador 1 |
| 42:15 | Oni.TaToH · tribute_sent a jugador 2 |
| 42:15 | Oni.TaToH · tribute_sent a jugador 4 |
| 42:15 | Oni.TaToH · tribute_sent a jugador 5 |
| 42:15 | Oni.TaToH · tribute_sent a jugador 6 |
| 42:15 | Oni.TaToH · tribute_sent a jugador 7 |
| 42:15 | Oni.TaToH · tribute_sent a jugador 8 |
| 42:16 | _LY_lyx · wall_segment Stone Wall x1 |
| 42:24 | [R1] Pume · tribute_sent a jugador 1 |
| 42:24 | [R1] Pume · tribute_sent a jugador 2 |
| 42:24 | [R1] Pume · tribute_sent a jugador 3 |
| 42:24 | [R1] Pume · tribute_sent a jugador 4 |
| 42:24 | [R1] Pume · tribute_sent a jugador 5 |
| 42:24 | [R1] Pume · tribute_sent a jugador 6 |
| 42:24 | [R1] Pume · tribute_sent a jugador 8 |
| 42:31 | [R1] Pume · tribute_sent a jugador 1 |
| 42:31 | [R1] Pume · tribute_sent a jugador 2 |
| 42:31 | [R1] Pume · tribute_sent a jugador 3 |
| 42:31 | [R1] Pume · tribute_sent a jugador 4 |
| 42:31 | [R1] Pume · tribute_sent a jugador 5 |
| 42:31 | [R1] Pume · tribute_sent a jugador 6 |
| 42:31 | [R1] Pume · tribute_sent a jugador 8 |
| 42:41 | c3mbrich! · age_up imperial |
| 43:06 | [R1] Pume · tribute_sent a jugador 1 |
| 43:06 | [R1] Pume · tribute_sent a jugador 2 |
| 43:06 | [R1] Pume · tribute_sent a jugador 3 |
| 43:06 | [R1] Pume · tribute_sent a jugador 4 |
| 43:06 | [R1] Pume · tribute_sent a jugador 5 |
| 43:06 | [R1] Pume · tribute_sent a jugador 6 |
| 43:06 | [R1] Pume · tribute_sent a jugador 8 |
| 43:09 | 合川狗大高手 · first_building Siege Workshop |
| 43:11 | [R1] PoXoLo · wall_segment Stone Wall x9 |
| 43:27 | Oni.TaToH · tribute_sent a jugador 1 |
| 43:27 | Oni.TaToH · tribute_sent a jugador 2 |
| 43:27 | Oni.TaToH · tribute_sent a jugador 4 |
| 43:27 | Oni.TaToH · tribute_sent a jugador 5 |
| 43:28 | Oni.TaToH · tribute_sent a jugador 6 |
| 43:28 | Oni.TaToH · tribute_sent a jugador 7 |
| 43:28 | Oni.TaToH · tribute_sent a jugador 8 |
| 43:43 | _LY_lyx · age_up imperial |
| 44:30 | Oni.TaToH · tribute_sent a jugador 1 |
| 44:30 | Oni.TaToH · tribute_sent a jugador 2 |
| 44:30 | Oni.TaToH · tribute_sent a jugador 4 |
| 44:30 | Oni.TaToH · tribute_sent a jugador 5 |
| 44:30 | Oni.TaToH · tribute_sent a jugador 6 |
| 44:30 | Oni.TaToH · tribute_sent a jugador 7 |
| 44:30 | Oni.TaToH · tribute_sent a jugador 8 |
| 45:10 | Oni.TaToH · tribute_sent a jugador 1 |
| 45:10 | Oni.TaToH · tribute_sent a jugador 2 |
| 45:10 | Oni.TaToH · tribute_sent a jugador 4 |
| 45:10 | Oni.TaToH · tribute_sent a jugador 5 |
| 45:10 | Oni.TaToH · tribute_sent a jugador 6 |
| 45:10 | Oni.TaToH · tribute_sent a jugador 7 |
| 45:10 | Oni.TaToH · tribute_sent a jugador 8 |
| 45:30 | 农夫三拳 · tribute_sent a jugador 1 |
| 45:30 | 农夫三拳 · tribute_sent a jugador 2 |
| 45:30 | 农夫三拳 · tribute_sent a jugador 3 |
| 45:30 | 农夫三拳 · tribute_sent a jugador 4 |
| 45:30 | 农夫三拳 · tribute_sent a jugador 5 |
| 45:30 | 农夫三拳 · tribute_sent a jugador 7 |
| 45:30 | 农夫三拳 · tribute_sent a jugador 8 |
| 45:44 | [R1] Pume · wall_segment Stone Wall x11 |
| 45:45 | c3mbrich! · wall_segment Palisade Wall x1 |
| 46:25 | [R1] PoXoLo · first_building Castle |
| 47:09 | _LY_lyx · tribute_sent a jugador 1 |
| 47:09 | _LY_lyx · tribute_sent a jugador 2 |
| 47:09 | _LY_lyx · tribute_sent a jugador 3 |
| 47:09 | _LY_lyx · tribute_sent a jugador 4 |
| 47:09 | _LY_lyx · tribute_sent a jugador 5 |
| 47:09 | _LY_lyx · tribute_sent a jugador 6 |
| 47:09 | _LY_lyx · tribute_sent a jugador 7 |
| 48:19 | 农夫三拳 · tribute_sent a jugador 1 |
| 48:19 | 农夫三拳 · tribute_sent a jugador 2 |
| 48:19 | 农夫三拳 · tribute_sent a jugador 3 |
| 48:19 | 农夫三拳 · tribute_sent a jugador 4 |
| 48:19 | 农夫三拳 · tribute_sent a jugador 5 |
| 48:19 | 农夫三拳 · tribute_sent a jugador 7 |
| 48:19 | 农夫三拳 · tribute_sent a jugador 8 |
| 48:29 | [R1] Pume · wall_segment Stone Wall x3 |
| 48:50 | 合川狗大高手 · tribute_sent a jugador 1 |
| 48:50 | 合川狗大高手 · tribute_sent a jugador 3 |
| 48:50 | 合川狗大高手 · tribute_sent a jugador 4 |
| 48:50 | 合川狗大高手 · tribute_sent a jugador 5 |
| 48:50 | 合川狗大高手 · tribute_sent a jugador 6 |
| 48:50 | 合川狗大高手 · tribute_sent a jugador 7 |
| 48:50 | 合川狗大高手 · tribute_sent a jugador 8 |
| 49:30 | [R1] Pume · tribute_sent a jugador 1 |
| 49:30 | [R1] Pume · tribute_sent a jugador 2 |
| 49:30 | [R1] Pume · tribute_sent a jugador 3 |
| 49:30 | [R1] Pume · tribute_sent a jugador 4 |
| 49:30 | [R1] Pume · tribute_sent a jugador 5 |
| 49:30 | [R1] Pume · tribute_sent a jugador 6 |
| 49:30 | [R1] Pume · tribute_sent a jugador 8 |
| 49:31 | [R1] PoXoLo · tribute_sent a jugador 2 |
| 49:31 | [R1] PoXoLo · tribute_sent a jugador 3 |
| 49:31 | [R1] PoXoLo · tribute_sent a jugador 4 |
| 49:31 | [R1] PoXoLo · tribute_sent a jugador 5 |
| 49:31 | [R1] PoXoLo · tribute_sent a jugador 6 |
| 49:31 | [R1] PoXoLo · tribute_sent a jugador 7 |
| 49:31 | [R1] PoXoLo · tribute_sent a jugador 8 |
| 50:10 | 农夫三拳 · tribute_sent a jugador 1 |
| 50:10 | 农夫三拳 · tribute_sent a jugador 2 |
| 50:10 | 农夫三拳 · tribute_sent a jugador 3 |
| 50:10 | 农夫三拳 · tribute_sent a jugador 4 |
| 50:10 | 农夫三拳 · tribute_sent a jugador 5 |
| 50:10 | 农夫三拳 · tribute_sent a jugador 7 |
| 50:10 | 农夫三拳 · tribute_sent a jugador 8 |
| 50:38 | 合川狗大高手 · wall_segment Stone Wall x2 |
| 51:15 | 农夫三拳 · tribute_sent a jugador 1 |
| 51:15 | 农夫三拳 · tribute_sent a jugador 2 |
| 51:15 | 农夫三拳 · tribute_sent a jugador 3 |
| 51:15 | 农夫三拳 · tribute_sent a jugador 4 |
| 51:15 | 农夫三拳 · tribute_sent a jugador 5 |
| 51:15 | 农夫三拳 · tribute_sent a jugador 7 |
| 51:15 | 农夫三拳 · tribute_sent a jugador 8 |
| 51:15 | _LY_lyx · tribute_sent a jugador 1 |
| 51:15 | _LY_lyx · tribute_sent a jugador 2 |
| 51:15 | _LY_lyx · tribute_sent a jugador 3 |
| 51:15 | _LY_lyx · tribute_sent a jugador 4 |
| 51:15 | _LY_lyx · tribute_sent a jugador 5 |
| 51:15 | _LY_lyx · tribute_sent a jugador 6 |
| 51:15 | _LY_lyx · tribute_sent a jugador 7 |
| 52:23 | 农夫三拳 · wall_segment Stone Wall x1 |
| 53:36 | [LuB]夢夢 · wall_segment Stone Wall x2 |
| 54:09 | 农夫三拳 · tribute_sent a jugador 1 |
| 54:09 | 农夫三拳 · tribute_sent a jugador 2 |
| 54:09 | 农夫三拳 · tribute_sent a jugador 3 |
| 54:09 | 农夫三拳 · tribute_sent a jugador 4 |
| 54:09 | 农夫三拳 · tribute_sent a jugador 5 |
| 54:09 | 农夫三拳 · tribute_sent a jugador 7 |
| 54:09 | 农夫三拳 · tribute_sent a jugador 8 |
| 59:48 | _LY_lyx · tribute_sent a jugador 1 |
| 59:48 | _LY_lyx · tribute_sent a jugador 2 |
| 59:48 | _LY_lyx · tribute_sent a jugador 3 |
| 59:48 | _LY_lyx · tribute_sent a jugador 4 |
| 59:48 | _LY_lyx · tribute_sent a jugador 5 |
| 59:48 | _LY_lyx · tribute_sent a jugador 6 |
| 59:48 | _LY_lyx · tribute_sent a jugador 7 |
| 59:51 | [LuB]夢夢 · tribute_sent a jugador 1 |
| 59:51 | [LuB]夢夢 · tribute_sent a jugador 2 |
| 59:51 | [LuB]夢夢 · tribute_sent a jugador 3 |
| 59:51 | [LuB]夢夢 · tribute_sent a jugador 5 |
| 59:51 | [LuB]夢夢 · tribute_sent a jugador 6 |
| 59:51 | [LuB]夢夢 · tribute_sent a jugador 7 |
| 59:51 | [LuB]夢夢 · tribute_sent a jugador 8 |
| 59:59 | [R1] Pume · tribute_sent a jugador 1 |
| 59:59 | [R1] Pume · tribute_sent a jugador 2 |
| 59:59 | [R1] Pume · tribute_sent a jugador 3 |
| 59:59 | [R1] Pume · tribute_sent a jugador 4 |
| 59:59 | [R1] Pume · tribute_sent a jugador 5 |
| 59:59 | [R1] Pume · tribute_sent a jugador 6 |
| 59:59 | [R1] Pume · tribute_sent a jugador 8 |
| 62:00 | [LuB]夢夢 · tribute_sent a jugador 1 |
| 62:00 | [LuB]夢夢 · tribute_sent a jugador 2 |
| 62:00 | [LuB]夢夢 · tribute_sent a jugador 3 |
| 62:00 | [LuB]夢夢 · tribute_sent a jugador 5 |
| 62:00 | [LuB]夢夢 · tribute_sent a jugador 6 |
| 62:00 | [LuB]夢夢 · tribute_sent a jugador 7 |
| 62:00 | [LuB]夢夢 · tribute_sent a jugador 8 |
| 62:01 | 农夫三拳 · tribute_sent a jugador 1 |
| 62:01 | 农夫三拳 · tribute_sent a jugador 2 |
| 62:01 | 农夫三拳 · tribute_sent a jugador 3 |
| 62:01 | 农夫三拳 · tribute_sent a jugador 4 |
| 62:01 | 农夫三拳 · tribute_sent a jugador 5 |
| 62:01 | 农夫三拳 · tribute_sent a jugador 7 |
| 62:01 | 农夫三拳 · tribute_sent a jugador 8 |
| 62:53 | [R1] Pume · resign |
[ AI ANALYSIS · 1 CREDIT ]
What really happened in this match?
Wolo.gg analyzes every decision: build order, eco, micro, common mistakes by bracket. Personalized analysis on WhatsApp or Discord in 30 seconds.
Civ guide
Mongols
Perfil
Jugador #716717